AoeStats
← Dickus Giganticus

Arabia

510719408Analyzed
2v2 RM · 1d ago on Oct 2, 2026· 51m 41s· 4 players
Game mode
Random Map
Map size
Medium (4 player)
Population
200
Speed
Normal
Resources
Standard
Victory
Conquest
Starting age
Dark Age
Ending age
Imperial Age
RankedLock teamsTeams togetherTeam positionsShared explorationLock speedFull tech treeHidden civsTurbo modeCheats
Victory
Defeat
🇦🇺 Romans · Australia
1259
+13
🇭🇰 Ethiopians · Hong Kong SAR China
1161
+17
🇦🇺 Mongols · Australia
1294
-18
🇦🇺 Lithuanians · Australia
1103
-12
TintyJ
6:46 Loom
9:40 Feudal Age
15:34 Horse Collar
15:44 Double-Bit Axe
22:41 Castle Age
20:58 Scale Barding Armor
21:24 Gold Mining
22:08 Bloodlines
23:29 Husbandry
24:24 Forging
25:52 Wheelbarrow
30:23 Chain Barding Armor
35:07 Town Watch
40:27 Iron Casting
46:47 Stone Mining
50:28 Imperial Age
Milkus Dilkus
6:35 Loom
8:47 Feudal Age
10:16 Double-Bit Axe
15:09 Horse Collar
17:57 Fletching
17:59 Town Watch
23:19 Castle Age
21:43 Gold Mining
22:25 Padded Archer Armor
24:28 Bodkin Arrow
24:46 Husbandry
26:03 Wheelbarrow
27:35 Ballistics
29:18 Thumb Ring
30:17 Bloodlines
34:05 Bow Saw
39:28 Imperial Age
39:04 Leather Archer Armor
40:43 Parthian Tactics
40:22 Bracer
41:41 Chemistry
42:14 Hand Cart
42:29 Conscription
42:47 Hoardings
42:42 Heavy Plow
48:24 Elite Mangudai
Dickus Giganticus
8:18 Loom
9:09 Loom
10:55 Feudal Age
15:16 Double-Bit Axe
15:15 Horse Collar
22:45 Castle Age
21:28 Gold Mining
22:56 Fletching
23:07 Padded Archer Armor
23:36 Bow Saw
23:03 Crossbowman
24:30 Bodkin Arrow
27:30 Ballistics
30:45 Forging
31:15 Wheelbarrow
32:53 Thumb Ring
32:55 Squires
37:12 Hand Cart
40:12 Gold Shaft Mining
42:14 Imperial Age
40:23 Iron Casting
39:48 Scale Mail Armor
40:04 Leather Archer Armor
45:22 Imperial Age
43:02 Heavy Plow
44:29 Chain Mail Armor
46:04 Bracer
45:31 Arbalester
45:41 Capped Ram
45:48 Halberdier
47:47 Ring Archer Armor
Arfah
5:34 Loom
9:24 Feudal Age
9:33 Man-at-Arms
14:53 Scale Mail Armor
17:04 Fletching
17:48 Double-Bit Axe
20:33 Horse Collar
23:58 Castle Age
24:19 Forging
24:48 Wheelbarrow
24:15 Long Swordsman
24:57 Squires
25:15 Chain Mail Armor
24:57 Gold Mining
28:07 Bow Saw
28:49 Pikeman
29:40 Heavy Plow
35:52 Ballistics
39:07 Imperial Age
38:25 Gold Shaft Mining
38:22 Masonry
38:23 Fortified Wall
39:11 Heavy Scorpion
40:22 Halberdier
49:14 Siege Engineers
49:23 Legionary
Connection lost

Rejoining the realm…

Still unreachable

The connection could not be restored.

Session expired

The server has moved on; the page needs a fresh start.